 Dungeon Crawl Stone Soup version 0.27.0-1-g7a089689b8 (webtiles) character file.

Game seed: 14220282875305584728

453 MirrMurr the Poker (level 7, 0/44 HPs)
             Began as a Gargoyle Berserker on July 31, 2021.
             Was a Priest of Trog.
             Slain by an iguana (5 damage)
             ... on level 4 of the Dungeon.
             The game lasted 00:07:57 (4276 turns).

MirrMurr the Poker (Gargoyle Berserker)             Turns: 4276, Time: 00:07:58

Health: 0/44       AC: 14    Str: 23    XL:     7   Next: 5%
Magic:  7/7        EV:  8    Int:  7    God:    Trog [***...]
Gold:   28         SH:  0    Dex:  9    Spells: 6/6 levels left

rFire    + . .     SeeInvis +   a - +1 spear
rCold    + . .     Faith    .   (no shield)
rNeg     + . .     Spirit   .   l - +0 chain mail
rPois    ∞         Reflect  .   (no helmet)
rElec    +         Harm     .   n - scarf {rC+ rF+}
rCorr    .         Rampage  .   (no gloves)
Will     .....                  (no boots)
Stlth    ..........             k - amulet of the acrobat
HPRegen  0.14/turn              j - ring of see invisible
MPRegen  0.10/turn              (no ring)

@: about to teleport, on berserk cooldown, slowed, very slow
A: sickness immunity, AC +4, negative energy resistance 1, electricity
resistance, torment resistance 1, petrification resistance
a: Renounce Religion, Berserk, Trog's Hand


You were on level 4 of the Dungeon.
You worshipped Trog.
Trog was most pleased with you.
You visited 1 branch of the dungeon, and saw 4 of its levels.

You collected 28 gold pieces.

Inventory:

Hand Weapons
 a - a +1 spear (weapon)
 b - a +0 hunting sling
Missiles
 e - 15 sling bullets
 f - 147 stones (quivered)
 g - 3 boomerangs
Armour
 l - a +0 chain mail (worn)
 n - a scarf of resistance (worn)
Jewellery
 j - a ring of see invisible (left hand)
 k - an amulet of the acrobat (around neck)
 p - a ring of fire
Scrolls
 c - a scroll of enchant armour
Potions
 i - a potion of brilliance {unknown}
 m - 2 potions of might
 q - 2 potions of curing {unknown}


   Skills:
 + Level 4.5 Fighting
 * Level 4.6 Polearms
 + Level 2.3 Throwing
 + Level 3.7 Armour
 + Level 2.7 Dodging


You had 6 spell levels left.
You didn't know any spells.
Your spell library was empty.

Dungeon Overview and Level Annotations

Branches:
Dungeon (4/15)
 Temple: D:4-7

Altars:
Ashenzari
Qazlal


Innate Abilities, Weirdness & Mutations

You are immune to sickness and miasma.
Your stone body is resilient. (AC +4)
You are immune to poison.
You resist negative energy. (rN+)
You are resistant to electric shocks. (rElec)
You are resistant to unholy torment.
You are immune to petrification.


Message History

Press: ? - help, Dir - move target, f - orc
Aim: an orc, wielding a +0 dagger (about 38% to evade your +1 spear)
You reach to attack!
You puncture the orc!
You kill the orc!
Trog accepts your kill.
You are too injured to fight recklessly!
You are too injured to fight recklessly!
Things that are here:
a +0 whip; a +0 ring mail; an orc corpse You feel a strong urge to attack something.
You are no longer berserk.
You are exhausted.
You feel yourself slow down.
An iguana comes into view.
The iguana hisses angrily.
The hobgoblin completely misses you.
You closely miss the hobgoblin.
The hobgoblin hits you but does no damage.
You barely miss the hobgoblin.
The hobgoblin hits you but does no damage.
The hobgoblin barely misses you.
You barely miss the hobgoblin. The hobgoblin hits you.
* * * LOW HITPOINT WARNING * * *
You hit the hobgoblin.
The hobgoblin is almost dead.
The hobgoblin hits you but does no damage.
Your chain mail prevents you from hitting the hobgoblin.
The hobgoblin is almost dead.
The hobgoblin barely misses you. The iguana bites you.
* * * LOW HITPOINT WARNING * * *
The hobgoblin hits you but does no damage.
The iguana barely misses you. The hobgoblin completely misses you.
The iguana barely misses you.
You see here a +0 club.
As you read the scroll of teleportation, it crumbles to dust.
You feel strangely unstable. The hobgoblin hits you.
* * * LOW HITPOINT WARNING * * *
The iguana bites you but does no damage.
The hobgoblin completely misses you. The iguana bites you.
You die...

##........ ##....$.. ###......#
#......# .# .......#####.....####
. .## .........#..#....#.## ...
..# #)..........##......###...
..##..# #........#.......#.......
......###...........#..#....#...#
##.....# #..##..gl.)##......#..#
#...#..###..#...@....#†..#....##
#..##...............#)).##.....#
.................####..##.....#
.....##......##.## #........#
...####.....##### #.....####
|..÷###.....## ## #######
..#.)........##..#
.##...............
##...........##..


You could see an iguana and a hobgoblin.

Vanquished Creatures
  Edmund (D:4)
  A scorpion (D:4)
  A water moccasin skeleton (D:4)
  Jessica (D:3)
  2 iguanas (D:4)
  6 adders
  A worm (D:2)
  An adder skeleton (D:4)
  3 dart slugs (D:2)
  3 orcs
  5 bats
  12 endoplasms
  2 giant cockroaches
  10 goblins
  3 hobgoblins
  2 jackals (D:2)
  3 quokkas
  8 ball pythons
  7 frilled lizards
  7 kobolds
  10 rats
89 creatures vanquished.

Notes
Turn   | Place    | Note
-------+----------+-------------------------------------------
     0 | D:1      | MirrMurr the Gargoyle Berserker began the quest for the
                  | Orb.
     0 | D:1      | Reached XP level 1. HP: 14/14 MP: 1/1
   417 | D:1      | Reached XP level 2. HP: 19/19 MP: 2/2
   772 | D:1      | Reached XP level 3. HP: 23/23 MP: 3/3
   841 | D:1      | Found a faded altar of an unknown god.
   841 | D:1      | Noticed a Hell Sentinel
  1394 | D:2      | Reached ** piety under Trog
  1490 | D:2      | Reached skill level 1 in Throwing
  1606 | D:2      | Reached XP level 4. HP: 24/29 MP: 4/4
  2282 | D:3      | Noticed Jessica
  2293 | D:3      | Killed Jessica
  2329 | D:3      | Reached XP level 5. HP: 33/33 MP: 5/5
  3053 | D:3      | Found a broken altar of Ashenzari.
  3053 | D:3      | Found a stormy altar of Qazlal.
  3471 | D:4      | Reached *** piety under Trog
  3713 | D:4      | Reached XP level 6. HP: 22/38 MP: 6/6
  4223 | D:4      | Noticed Edmund
  4263 | D:4      | Killed Edmund
  4264 | D:4      | Reached XP level 7. HP: 13/44 MP: 7/7
  4276 | D:4      | Slain by an iguana

Illustrated notes

Levels and vault maps discovered:
D:1:      tarquinn_simple_flora_water_e, layout_basic, serial_corexii_hall,
          corexii_hall_statues_x, chequers_hall_statues_wall_a,
          dreamdust_ecumenical_altar_sealed_demon, minmay_domino_2
D:2:      layout_loops_ring
D:3:      minmay_evil_eye, layout_loops_corners,
          gammafunk_temple_overflow_elements, minivault_14, corner_web_ring,
          uniq_jessica
D:4:      layout_cave_pools, enter_ossuary_1, hex_tiny, uniq_duvessa,
          uniq_crazy_yiuf_cottage, uniq_edmund

Skill      XL: |  1  2  3  4  5  6 |
---------------+-------------------+-----
Polearms       | 3 4 |  4.6
Throwing       | 1 2 |  2.3
Dodging        | 2 |  2.7
Armour         | 3 |  3.7
Fighting       | 4 |  4.5

Action                   |  1- 3 |  4- 6 |  7- 9 || total
-------------------------+-------+-------+-------++-------
Melee: Spear             |   125 |   152 |     6 ||   283
 Fire: Hunting sling     |       |    52 |       ||    52
Throw: Stone             |    51 |    48 |       ||    99
Invok: Berserk           |       |     2 |       ||     2
  Use: Scroll            |       |     6 |     1 ||     7
Armor: Ring mail         |    27 |     5 |       ||    32
       Leather armour    |     8 |     3 |       ||    11
       Chain mail        |       |    43 |     5 ||    48
Dodge: Dodged            |    43 |    63 |     7 ||   113
